 Dungeon Crawl Stone Soup version 0.30.1-9-gdf580d7c3d (webtiles) character file.

Game seed: 7643666306091239595

79 Ivernyr the Shield-Bearer (level 4, 31/37 HPs)
             Began as a Formicid Fighter on Sept 30, 2023.
             Got out of the dungeon alive.
             The game lasted 00:02:47 (1150 turns).

Ivernyr the Shield-Bearer (Formicid Fighter)        Turns: 1150, Time: 00:02:48

Health: 31/37      AC:  7    Str: 22    XL:     4   Next: 64%
Magic:  4/4        EV:  9    Int:  8    God:
Gold:   53         SH:  5    Dex: 13    Spells: 3/3 levels left

rFire   . . .        a - +0 flail
rCold   . . .        c - +0 buckler
rNeg    . . .        b - +0 scale mail
rPois   .            (helmet unavailable)
rElec   .            (no cloak)
rCorr   .            (no gloves)
SInv    +            (no boots)
Will    .....        (no amulet) Stlth
                     (no ring)
HPRegen 0.26/turn    (no ring)
MPRegen 0.09/turn

%: no passive effects
@: no status effects
A: permanent stasis, dig shafts and tunnels, antennae 3, four strong arms
a: Dig, Shaft Self


You escaped.
You visited 1 branch of the dungeon, and saw 2 of its levels.

You collected 53 gold pieces.

Inventory:

Hand Weapons
 a - a +0 flail (weapon)
Armour
 b - a +0 scale mail (worn)
 c - a +0 buckler (worn)
Scrolls
 j - a scroll of noise {unknown}
Potions
 d - a potion of might
 e - 2 potions of haste {unknown}
 f - a potion of heal wounds {unknown}
 g - 2 potions of curing {unknown}
 h - a potion of degeneration {unknown}
 i - a potion of cancellation {unknown}
 k - a potion of flight {unknown}


   Skills:
 + Level 3.8 Fighting
 * Level 3.2 Maces & Flails
 + Level 3.8 Armour
 + Level 4.6 Shields


You had 3 spell levels left.
You didn't know any spells.
Your spell library contained the following spells:

 Spells                   Type           Power      Damage    Failure   Level
 Lesser Beckoning         Tloc           0%         N/A       90%         2
 Gell's Gravitas          Tloc           0%         N/A       99%         3
 Teleport Other           Tloc           0%         N/A       99%         3


Dungeon Overview and Level Annotations

Branches:
Dungeon (2/15)

Altars:


Innate Abilities, Weirdness & Mutations

You cannot be hasted, slowed, berserked, paralysed or teleported.
You can dig through walls and to a lower floor.
You have a pair of large antennae on your head. (SInv)
Your four strong arms can wield two-handed weapons with a shield.


Message History

You kill the gnoll!
The gnoll hits you with a +0 flail.
You hit the gnoll.
The gnoll is moderately wounded.
The gnoll barely misses you.
You closely miss the gnoll.
The gnoll is moderately wounded.
The gnoll completely misses you.
You completely miss the gnoll.
The gnoll is moderately wounded.
The gnoll hits you with a +0 flail.
You closely miss the gnoll.
The gnoll is moderately wounded.
The gnoll hits you with a +0 flail.
* * * LOW HITPOINT WARNING * * *
You block the gnoll's attack.
You closely miss the gnoll.
The gnoll is moderately wounded.
The gnoll closely misses you.
You barely miss the gnoll.
The gnoll is moderately wounded.
The gnoll hits you with a +0 flail.
* * * LOW HITPOINT WARNING * * *
You thump the gnoll!
The gnoll is almost dead.
The gnoll barely misses you. The gnoll closely misses you.
You thump the gnoll!
You kill the gnoll!
Items here: )))) ††.
(D) Dungeon
Where to? (Enter - D:2, ? - help)
What level of the Dungeon? (default 1, ? - help)
Items here: )))) ††.
There is a stone staircase leading up here.
You climb upwards.
There is a stone staircase leading down here.
There is an open door here.
There is a staircase leading out of the dungeon here.
Are you sure you want to leave the Dungeon?
This will make you lose the game!
You have escaped!

..#...#.##.#...#.# #.#
......##.##..###.# #.#
#...#..#.#.###..## #.#
#..#.#.#..###.#.## #.#
.#...#..#.#...##.# #.#
.##..#..##.#.##..# #.#
.#..#..#.#..#..### #.#
..#...#..##..##..# #.#
#......##...#..#@#
####.#
##################
##....#
################
##..####
...............# #..##
#.############.####.##
#..##### #.##...#
##.....#######.#..###
#####..#.........#
##...........#


There were no monsters in sight!

Vanquished Creatures
  4 gnolls (D:2)
  2 worms (D:2)
  A dart slug (D:1)
  An endoplasm (D:2)
  3 giant cockroaches
  4 hobgoblins
  2 quokkas
  6 ball pythons
  2 bats
  A frilled lizard (D:2)
  A goblin (D:1)
  2 kobolds (D:1)
  8 rats
37 creatures vanquished.

Notes
Turn   | Place    | Note
-------+----------+-------------------------------------------
     0 | D:1      | Ivernyr the Formicid Fighter began the quest for the Orb.
     0 | D:1      | Reached XP level 1. HP: 18/18 MP: 1/1
   145 | D:1      | Reached XP level 2. HP: 23/24 MP: 2/2
   797 | D:2      | Identified the -1 pair of boots of the Undertaker {-Tele
                  | rC+ Int+4}
   823 | D:2      | Reached XP level 3. HP: 20/29 MP: 3/3
  1019 | D:2      | Identified the +0 robe "Ycabyacet" {rC+ Will+ rCorr Stlth-}
  1042 | D:2      | Reached XP level 4. HP: 27/37 MP: 4/4
  1150 | D:$      | Got out of the dungeon alive.

Illustrated notes

Levels and vault maps discovered:
D:1:      erik_arrival_cave_to_civilisation [erik_arrival_cave_to_hall],
          layout_basic
D:2:      layout_basic, minmay_liquid_box, minivault_11, minmay_misc_feat_iff,
          serial_park_tiny_1, minmay_indecisive_spiral

Skill      XL: |  1  2  3 |
---------------+----------+-----
Maces & Flails | 3 |  3.2
Fighting       | |  3.8
Armour         | |  3.8
Shields        | |  4.6

Action                     |  1- 3 |  4- 6 || total
---------------------------+-------+-------++-------
  Melee: Flail             |   103 |    19 ||   122
 Armour: Scale mail        |    28 |     4 ||    32
  Dodge: Dodged            |    55 |     8 ||    63
  Block: Buckler           |    19 |     1 ||    20
